 Dungeon Crawl Stone Soup version 0.20-a0-1089-g3fde505 (webtiles) character file.

46 Gruud the Slasher (level 3, -3/27 HPs)
             Began as a Demonspawn Gladiator on May 3, 2017.
             Slain by a quokka (4 damage)
             ... on level 2 of the Dungeon.
             The game lasted 00:03:41 (1217 turns).

Gruud the Slasher (Demonspawn Gladiator)            Turns: 1217, Time: 00:03:43

Health: -3/27      AC:  4    Str: 15    XL:     3   Next: 46%
Magic:  0/3        EV: 12    Int:  9    God:
Gold:   34         SH:  4    Dex: 14    Spells: 2/2 levels left

rFire    . . .     SeeInvis .   a - +0 long sword
rCold    . . .     Gourm    .   (no shield)
rNeg     . . .     Faith    .   b - +0 leather armour
rPois    .         Spirit   +   c - +0 helmet
rElec    .         Reflect  .   (no cloak)
rCorr    .         Harm     .   (no gloves)
MR       .....                  (no boots)
Stlth    +.........             (no amulet)
Regen    0.1/turn               (no ring)
MPRegen  0.1/turn               (no ring)

@: drained
A: large bone plates 1, magic shield
a: no special abilities


You were on level 2 of the Dungeon.
You were not hungry.

You visited 1 branch of the dungeon, and saw 2 of its levels.

You collected 34 gold pieces.

Inventory:

Hand Weapons
 a - a +0 long sword (weapon)
 m - a +1 dagger of draining
Missiles
 d - 2 throwing nets (quivered)
Armour
 b - a +0 leather armour (worn)
 c - a +0 helmet (worn)
Scrolls
 e - a scroll of teleportation {unknown}
 j - a scroll of amnesia {unknown}
 k - a scroll of remove curse {unknown}
Potions
 g - a potion of haste {unknown}
 h - a potion of degeneration {unknown}
 l - a potion of mutation {unknown}
 n - a potion of magic {unknown}
 o - a potion of agility {unknown}
Comestibles
 f - a bread ration
 i - 6 chunks of flesh


   Skills:
 - Level 2.0(1.8) Fighting
 * Level 4.1(4.0) Long Blades
 - Level 1.7(1.6) Throwing
 - Level 2.6(2.5) Dodging


You had 2 spell levels left.
You didn't know any spells.

Dungeon Overview and Level Annotations

Branches:
Dungeon (2/15)

Altars:

Annotations:
D:2 Sigmund


Innate Abilities, Weirdness & Mutations

You are partially covered in large bone plates. (SH +4)
When hurt, damage is shared between your health and your magic reserves.


Message History

The quokka bites you. Sigmund casts a spell at you. The magic dart hits you!
* * * LOW HITPOINT WARNING * * *
Sigmund struggles against the net.
You hit Sigmund but do no damage.
Sigmund is moderately wounded.
You block the quokka's attack. The quokka barely misses you.
You hit Sigmund.
Sigmund is moderately wounded.
Sigmund struggles against the net.
The quokka bites you.
* * * LOW HITPOINT WARNING * * *
You hit Sigmund but do no damage.
Sigmund is moderately wounded.
The quokka bites you.
* * * LOW HITPOINT WARNING * * *
Sigmund struggles against the net.
The net rips apart, and Sigmund comes free!
Sigmund closely misses you. The quokka bites you.
You die...

#### ♣♣♣.....♣♣
P♣♣.♣P
♣P..♣.♣..♣♣.PP...
#♣♣♣.♣.♣..≈..♣.PP....
....♣....≈♣..÷♣P.....
#..P♣.§.♣≈♣≈........
....§§≈≈≈♣..P.P♣...
♣♣...§P≈≈≈≈...♣♣
♣P.r.≈♣≈≈≈.≈...♣♣
♣P♣@.♣≈≈.♣≈....P♣
♣♣.@.≈≈≈≈≈≈♣....♣
♣.P♣≈♣♣≈.≈≈≈....P♣
♣.♣♣♣P≈♣.♣≈♣.......
♣....♣P≈≈≈♣≈...P.P♣
....♣.♣≈≈§§P.....♣.
.......≈♣≈≈P§....♣.
...@♣...♣≈≈♣♣≈P...♣
##.(..... ♣≈§ ....♣


You could see Sigmund and a quokka.

Vanquished Creatures
  A gnoll (D:1)
  2 worms (D:2)
  A dart slug (D:1)
  A ball python (D:2)
  3 bats (D:1)
  2 giant cockroaches (D:1)
  5 hobgoblins
  3 jackals (D:1)
  A quokka (D:2)
  2 frilled lizards (D:1)
  3 kobolds
  4 rats
28 creatures vanquished.

Notes
Turn   | Place    | Note
-------+----------+-------------------------------------------
     0 | D:1      | Gruud the Demonspawn Gladiator began the quest for the Orb.
     0 | D:1      | Reached XP level 1. HP: 16/16 MP: 1/1
   103 | D:1      | Reached skill level 3 in Long Blades
   112 | D:1      | Gained mutation: You are partially covered in large bone plates. (SH +4) [demonic ancestry]
   112 | D:1      | Reached XP level 2. HP: 20/22 MP: 2/2
   604 | D:1      | Gained mutation: When hurt, damage is shared between your health and your magic reserves. [demonic ancestry]
   604 | D:1      | Reached XP level 3. HP: 27/27 MP: 3/3
   774 | D:2      | Reached skill level 4 in Long Blades
   865 | D:2      | HP: 1/27 [worm (6)]
  1203 | D:2      | Noticed Sigmund
  1217 | D:2      | HP: 1/27 [quokka (2)]
  1217 | D:2      | Slain by a quokka

Vault maps used:
D:1:      ncdulo_smallfort
D:2:      wad_woods_pond, uniq_jessica, uniq_sigmund

Skill      XL: |  1  2  3 |
---------------+----------+-----
Long Blades    | 3 4 |  4.1
Fighting       | |  2.0
Throwing       | |  1.7
Dodging        | |  2.6

Action                   || total
-------------------------++-------
Melee: Long sword        ||    94
Throw: Throwing net      ||     1
 Stab: Sleeping          ||     1
       Held in net/web   ||     1
  Eat: Chunk             ||     1
Armor: Leather armour    ||    32
Dodge: Dodged            ||    47
Block: Other             ||     7
       Rpst.: Long sword ||    14
